[Event "11th Arad Open 2018"]
[Site "Arad"]
[Date "2018.08.10"]
[Round "7"]
[White "Dobre, Claudiu-Cristian"]
[Black "Ghimpu, Samuel-Timotei"]
[Result "1/2-1/2"]
[ECO "A16"]
[WhiteElo "2356"]
[BlackElo "2184"]
[Annotator "NA"]
[PlyCount "97"]
[EventDate "2018.08.05"]
[EventType "swiss"]
[EventCountry "ROU"]
[SourceTitle "playchess.com"]
[Source "ChessBase"]
[SourceQuality "1"]
[TimeControl "40/5400+30:1800+30"]

1. c4 Nf6 2. Nc3 c5 3. Nf3 g6 4. e4 Bg7 5. d4 cxd4 6. Nxd4 d6 7. Be2 O-O 8. Be3 Nc6 9. O-O Bd7 10. Qd2 Nxd4 11. Bxd4 Bc6 12. f3 a5 13. b3 Nd7 14. Be3 Nc5 15. Rac1 Be5 16. Bg5 Qb6 17. Kh1 Rfe8 18. Nd5 Qd8 19. Qc2 Ne6 20. Bd2 Nc5 21. f4 Bd4 22. Bf3 e6 23. Nc3 e5 24. Ne2 Qf6 25. Rcd1 Re7 26. Bc1 Rae8 27. Qb1 Nd7 28. f5 Nc5 29. Ng3 b5 30. cxb5 Bxb5 31. Be2 Bxe2 32. Nxe2 Qh4 33. Nxd4 exd4 34. Rxd4 Rxe4 35. Rxe4 Qxe4 36. fxg6 hxg6 37. Qxe4 Rxe4 38. Bd2 Re2 39. Bxa5 Rxa2 40. Bc7 d5 41. b4 Na6 42. Bd6 Rb2 43. h4 Nxb4 44. Rd1 f6 45. Rd4 Nc6 46. Rd1 Nb4 47. Rd4 Nc2 48. Rxd5 Nb4 49. Rd1 1/2-1/2

[Event "11th Arad Open 2018"]
[Site "Arad"]
[Date "2018.08.10"]
[Round "7"]
[White "Toma, Radu-Cristian"]
[Black "Lupu, Ovidiu-Jean"]
[Result "1-0"]
[ECO "A04"]
[WhiteElo "2354"]
[BlackElo "2157"]
[Annotator "NA"]
[PlyCount "85"]
[EventDate "2018.08.05"]
[EventType "swiss"]
[EventCountry "ROU"]
[SourceTitle "playchess.com"]
[Source "ChessBase"]
[SourceQuality "1"]
[TimeControl "40/5400+30:1800+30"]

1. Nf3 b6 2. g3 Bb7 3. Bg2 d6 4. O-O Nd7 5. b4 a5 6. b5 Ngf6 7. Bb2 g6 8. Nd4 Bxg2 9. Kxg2 Nb8 10. e4 e5 11. Nc6 Nxc6 12. bxc6 Bg7 13. d4 exd4 14. Bxd4 O-O 15. Nc3 Qe8 16. Qf3 Qe6 17. Nd5 Nxd5 18. exd5 Qf5 19. Qxf5 gxf5 20. Bxg7 Kxg7 21. a4 Rae8 22. Rfe1 Kf6 23. Kf3 Re5 24. Rxe5 dxe5 25. Re1 Rd8 26. c4 Rg8 27. h3 h5 28. Re2 Rh8 29. c5 bxc5 30. Rc2 Ke7 31. Rxc5 Ra8 32. Rb5 Kd6 33. h4 Rg8 34. Rxa5 Rg4 35. Ra8 Kxd5 36. Rh8 Rxa4 37. Rxh5 Ra3+ 38. Kg2 Ke6 39. Rh6+ Ke7 40. Rh5 Kf6 41. Rh8 Rc3 42. h5 Kg7 43. Re8 1-0

[Event "11th Arad Open 2018"]
[Site "Arad"]
[Date "2018.08.10"]
[Round "7"]
[White "Posedaru, Bogdan"]
[Black "Ursan, Petru-Sebastian"]
[Result "1-0"]
[ECO "B06"]
[WhiteElo "2326"]
[BlackElo "2147"]
[Annotator "NA"]
[PlyCount "77"]
[EventDate "2018.08.05"]
[EventType "swiss"]
[EventCountry "ROU"]
[SourceTitle "playchess.com"]
[Source "ChessBase"]
[SourceQuality "1"]
[TimeControl "40/5400+30:1800+30"]

1. d4 g6 2. e4 Bg7 3. Nf3 d6 4. Nc3 a6 5. a4 Nf6 6. Be2 O-O 7. O-O e5 8. dxe5 dxe5 9. Bg5 Nbd7 10. Qd2 c6 11. a5 Nc5 12. Qe3 Qe7 13. h3 Ne6 14. Bh4 Qc5 15. Qxc5 Nxc5 16. Nd2 Ne6 17. Na4 Nd4 18. Bd3 Be6 19. Rfd1 h6 20. Nc5 g5 21. Bg3 Nd7 22. Nxd7 Bxd7 23. Nc4 Rfe8 24. Nd6 Re7 25. Nxb7 Bxh3 26. Nc5 Bc8 27. c3 Ne6 28. Na4 Rb8 29. Bc4 Rd7 30. Rxd7 Bxd7 31. Bxa6 Ra8 32. Nb6 Rxa6 33. Nxd7 Ra7 34. Nxe5 Nc5 35. Nxc6 Ra6 36. Nb4 Ra8 37. f3 Nb3 38. Ra3 Nxa5 39. Bc7 1-0

[Event "11th Arad Open 2018"]
[Site "Arad"]
[Date "2018.08.10"]
[Round "7"]
[White "Banzea, Alexandru-Bogdan"]
[Black "Secheres, Adrian-Simion"]
[Result "1/2-1/2"]
[ECO "B31"]
[WhiteElo "2313"]
[BlackElo "2407"]
[Annotator "NA"]
[PlyCount "26"]
[EventDate "2018.08.05"]
[EventType "swiss"]
[EventCountry "ROU"]
[SourceTitle "playchess.com"]
[Source "ChessBase"]
[SourceQuality "1"]
[TimeControl "40/5400+30:1800+30"]

1. e4 c5 2. Nf3 Nc6 3. Bb5 g6 4. Bxc6 bxc6 5. O-O Bg7 6. Re1 Nh6 7. c3 O-O 8. d4 cxd4 9. cxd4 d5 10. e5 f6 11. e6 Nf5 12. Bf4 Nd6 13. Nc3 Ne4 1/2-1/2

[Event "11th Arad Open 2018"]
[Site "Arad"]
[Date "2018.08.10"]
[Round "7"]
[White "Vasiesiu, Victor"]
[Black "Zaim, Marian"]
[Result "1-0"]
[ECO "B31"]
[WhiteElo "2297"]
[BlackElo "2084"]
[Annotator "NA"]
[PlyCount "97"]
[EventDate "2018.08.05"]
[EventType "swiss"]
[EventCountry "ROU"]
[SourceTitle "playchess.com"]
[Source "ChessBase"]
[SourceQuality "1"]
[TimeControl "40/5400+30:1800+30"]

1. e4 c5 2. Nf3 Nc6 3. Bb5 g6 4. Bxc6 bxc6 5. O-O d6 6. d4 cxd4 7. Qxd4 e5 8. Qd3 Be7 9. Rd1 Qc7 10. c4 Kf8 11. b3 Kg7 12. Bb2 f6 13. Ba3 c5 14. Nc3 Bb7 15. Ne1 Nh6 16. Nc2 Nf7 17. Ne3 Rhe8 18. Ncd5 Qc8 19. f3 Bf8 20. Bb2 Bc6 21. Rf1 Be7 22. f4 Bd8 23. f5 g5 24. Qe2 Qd7 25. Rad1 Nh6 26. h4 gxh4 27. Qh5 Nf7 28. Ng4 Bxd5 29. Rxd5 Rf8 30. Bc1 Kh8 31. Qxh4 Qe7 32. Rf3 Rg8 33. Rh3 Rg7 34. Bh6 Nxh6 35. Nxh6 Ba5 36. Qh5 Rf8 37. Qd1 Bc7 38. Rdd3 Bb8 39. Rdg3 Qb7 40. Rxg7 Qxg7 41. Qh5 Bc7 42. Kh2 Qg5 43. Qxg5 fxg5 44. Ng4 Kg7 45. Rh6 a5 46. Re6 Rf7 47. Kg3 h5 48. Ne3 Rf6 49. Rxf6 1-0

[Event "11th Arad Open 2018"]
[Site "Arad"]
[Date "2018.08.10"]
[Round "7"]
[White "Velickovic, Sasa"]
[Black "Geher, Koppany"]
[Result "1-0"]
[ECO "B40"]
[WhiteElo "2290"]
[BlackElo "2137"]
[Annotator "NA"]
[PlyCount "95"]
[EventDate "2018.08.05"]
[EventType "swiss"]
[EventCountry "ROU"]
[SourceTitle "playchess.com"]
[Source "ChessBase"]
[SourceQuality "1"]
[TimeControl "40/5400+30:1800+30"]

1. e4 c5 2. Nf3 e6 3. Qe2 Nc6 4. g3 Be7 5. Bg2 d5 6. d3 Nf6 7. O-O b5 8. Re1 O-O 9. e5 Nd7 10. h4 Qc7 11. Bf4 Bb7 12. Nbd2 Rfc8 13. c3 Qd8 14. Nf1 a5 15. N1h2 Ba6 16. Ng5 h6 17. Ngf3 Rab8 18. h5 b4 19. Ng4 bxc3 20. bxc3 Bf8 21. Qc2 Rb6 22. Rab1 Rcb8 23. Bf1 Rxb1 24. Rxb1 Rxb1 25. Qxb1 Qb6 26. Qc2 Bb7 27. Be2 Na7 28. d4 cxd4 29. cxd4 Nc6 30. Be3 Ba6 31. Bxa6 Qxa6 32. Qd2 Qb5 33. Kg2 Qb1 34. Qc3 Qb5 35. Qc1 Qc4 36. Bxh6 gxh6 37. Nxh6+ Kh7 38. Qf4 Bxh6 39. Qxf7+ Kh8 40. Qxd7 Nxd4 41. Qe8+ Kg7 42. Qg6+ Kf8 43. Qxh6+ Ke7 44. Qf6+ Kd7 45. Qf7+ Kd8 46. h6 Nxf3 47. h7 Nh4+ 48. Kh2 1-0

[Event "11th Arad Open 2018"]
[Site "Arad"]
[Date "2018.08.10"]
[Round "7"]
[White "Patrascu, Catalin-Lucian"]
[Black "Creanga, Robert-Ionut"]
[Result "1-0"]
[ECO "B31"]
[WhiteElo "2286"]
[BlackElo "2069"]
[Annotator "NA"]
[PlyCount "57"]
[EventDate "2018.08.05"]
[EventType "swiss"]
[EventCountry "ROU"]
[SourceTitle "playchess.com"]
[Source "ChessBase"]
[SourceQuality "1"]
[TimeControl "40/5400+30:1800+30"]

1. e4 c5 2. Nf3 Nc6 3. Bb5 g6 4. Bxc6 dxc6 5. d3 Bg7 6. h3 Nf6 7. Nc3 O-O 8. Bf4 Re8 9. Qd2 e5 10. Bxe5 Nxe4 11. Nxe4 Bxe5 12. Nxe5 Rxe5 13. O-O-O b6 14. g4 f5 15. f4 Re8 16. Ng3 Qf6 17. h4 Be6 18. gxf5 Bxf5 19. h5 Re7 20. hxg6 hxg6 21. Rh6 Rf8 22. Rdh1 Kf7 23. Qg2 Rg8 24. Kb1 Re6 25. a3 Ke8 26. Rh7 Kf8 27. Rxa7 b5 28. Ra8+ Kg7 29. Nh5+ {Kf8} 1-0

[Event "11th Arad Open 2018"]
[Site "Arad"]
[Date "2018.08.10"]
[Round "7"]
[White "Gilea, Lucian"]
[Black "Baciu, Anca-Otilia"]
[Result "1-0"]
[ECO "D63"]
[WhiteElo "2279"]
[BlackElo "2096"]
[Annotator "NA"]
[PlyCount "77"]
[EventDate "2018.08.05"]
[EventType "swiss"]
[EventCountry "ROU"]
[SourceTitle "playchess.com"]
[Source "ChessBase"]
[SourceQuality "1"]
[TimeControl "40/5400+30:1800+30"]

1. d4 Nf6 2. c4 e6 3. Nc3 d5 4. Bg5 Nbd7 5. Nf3 Be7 6. e3 O-O 7. Bd3 b6 8. cxd5 exd5 9. Rc1 Bb7 10. Bf4 c5 11. h3 a6 12. dxc5 Bxc5 13. O-O b5 14. Bf5 g6 15. Bxd7 Qxd7 16. Na4 bxa4 17. Rxc5 Rfc8 18. Rxc8+ Rxc8 19. Nd4 Ne4 20. f3 Nc5 21. Bh6 Qe7 22. Re1 f6 23. h4 Qd6 24. Bf4 Qb6 25. Re2 a5 26. Rc2 Kf7 27. Kh2 Ba6 28. Ne2 Rd8 29. Qd4 Bc4 30. Nc3 Qb4 31. a3 Qb3 32. Rd2 Nb7 33. g4 Nd6 34. g5 Ne8 35. Qa7+ Kg8 36. Ne4 f5 37. Nf6+ Nxf6 38. gxf6 d4 39. Qg7# 1-0

[Event "11th Arad Open 2018"]
[Site "Arad"]
[Date "2018.08.10"]
[Round "7"]
[White "Terbe, Julianna"]
[Black "Mircov, Nicola-Alexandar"]
[Result "1-0"]
[ECO "A04"]
[WhiteElo "2234"]
[BlackElo "1891"]
[Annotator "NA"]
[PlyCount "112"]
[EventDate "2018.08.05"]
[EventType "swiss"]
[EventCountry "ROU"]
[SourceTitle "playchess.com"]
[Source "ChessBase"]
[SourceQuality "1"]
[TimeControl "40/5400+30:1800+30"]

1. Nf3 c5 2. g3 Nc6 3. d4 d5 4. Bg2 e6 5. O-O Nf6 6. c4 Be7 7. cxd5 exd5 8. dxc5 Bxc5 9. Nc3 d4 10. Na4 Be7 11. b3 Bf5 12. Bb2 d3 13. exd3 Bxd3 14. Re1 O-O 15. Nd4 Nxd4 16. Qxd3 Nc6 17. Qb5 Qc7 18. Rac1 Rac8 19. Nc5 Bxc5 20. Qxc5 Rfe8 21. Bxf6 gxf6 22. Qf5 Qa5 23. Rxe8+ Rxe8 24. Qxa5 Nxa5 25. b4 Nc6 26. Bxc6 bxc6 27. Rxc6 Kg7 28. Ra6 Re7 29. a4 Kg6 30. Kg2 Rb7 31. b5 Kg5 32. Rc6 Rd7 33. h4+ Kg6 34. Rc4 Re7 35. Rb4 Rd7 36. a5 Kf5 37. b6 axb6 38. axb6 Rb7 39. Kf3 Ke5 40. Rb2 Kf5 41. Rb5+ Ke6 42. Kf4 f5 43. h5 Kf6 44. Rxf5+ Kg7 45. Rb5 Kf6 46. h6 Ke6 47. g4 f6 48. Ke4 Kd6 49. Kf5 Ke7 50. f4 Kf7 51. g5 fxg5 52. fxg5 Ke7 53. g6 hxg6+ 54. Kxg6 Kd6 55. h7 Kc6 56. Rb1 Kd5 1-0

[Event "11th Arad Open 2018"]
[Site "Arad"]
[Date "2018.08.10"]
[Round "7"]
[White "Zubcu, Vlad-George"]
[Black "Abramovic, Bosko"]
[Result "1-0"]
[ECO "A45"]
[WhiteElo "2202"]
[BlackElo "2400"]
[Annotator "NA"]
[PlyCount "71"]
[EventDate "2018.08.05"]
[EventType "swiss"]
[EventCountry "ROU"]
[SourceTitle "playchess.com"]
[Source "ChessBase"]
[SourceQuality "1"]
[TimeControl "40/5400+30:1800+30"]

1. d4 Nf6 2. Bg5 e6 3. e4 h6 4. Bxf6 Qxf6 5. c3 d6 6. Bd3 g6 7. Ne2 e5 8. O-O Bg7 9. f4 Qe7 10. Nd2 Nd7 11. f5 Nf6 12. fxg6 fxg6 13. Qb3 c6 14. a4 Be6 15. Bc4 Bxc4 16. Nxc4 O-O-O 17. a5 Rhe8 18. a6 b5 19. Na5 Qc7 20. c4 Qb6 21. cxb5 exd4 22. Qh3+ Kb8 23. Nxc6+ Ka8 24. Nxd8 Rxd8 25. Qd3 Ng4 26. Kh1 Be5 27. Nf4 Bxf4 28. Rxf4 Ne5 29. Qb3 Qc5 30. Raf1 d3 31. Rf8 Rb8 32. Qg8 Nd7 33. Rxb8+ Nxb8 34. Qd5+ Qxd5 35. exd5 Nd7 36. Rf3 1-0

[Event "11th Arad Open 2018"]
[Site "Arad"]
[Date "2018.08.10"]
[Round "7"]
[White "Kelly, Ladislau-Endre"]
[Black "Stoleriu, George"]
[Result "1/2-1/2"]
[ECO "C00"]
[WhiteElo "2173"]
[BlackElo "2392"]
[Annotator "NA"]
[PlyCount "80"]
[EventDate "2018.08.05"]
[EventType "swiss"]
[EventCountry "ROU"]
[SourceTitle "playchess.com"]
[Source "ChessBase"]
[SourceQuality "1"]
[TimeControl "40/5400+30:1800+30"]

1. e4 e6 2. d3 d5 3. Nd2 c5 4. Ngf3 Nc6 5. g3 Bd6 6. Bg2 Nge7 7. O-O O-O 8. Re1 Qc7 9. Nf1 d4 10. c3 e5 11. Nh4 Bd7 12. g4 Ng6 13. Nf5 Nf4 14. N1g3 g6 15. Nxd6 Qxd6 16. Bxf4 exf4 17. e5 Qc7 18. Ne4 Qxe5 19. g5 Kg7 20. Nf6 Qc7 21. Qf3 Be6 22. Re4 h6 23. h4 dxc3 24. bxc3 Rad8 25. Bf1 Bf5 26. Rxf4 Ne5 27. Qg3 Nxd3 28. gxh6+ Kh8 29. Bxd3 Rxd3 30. Qg5 Qe5 31. Rc1 Rfd8 32. Ng4 Rd1+ 33. Kh2 Qe6 34. Rxd1 Rxd1 35. Ne3 f6 36. Qg3 Rd3 37. Rxf5 Rxe3 38. Qxg6 Qd6+ 39. Kg2 Qc6+ 40. Kh2 Qd6+ 1/2-1/2

[Event "11th Arad Open 2018"]
[Site "Arad"]
[Date "2018.08.10"]
[Round "7"]
[White "Nicora, Cristi"]
[Black "Baratosi, Daniel"]
[Result "0-1"]
[ECO "B75"]
[WhiteElo "2158"]
[BlackElo "2371"]
[Annotator "NA"]
[PlyCount "66"]
[EventDate "2018.08.05"]
[EventType "swiss"]
[EventCountry "ROU"]
[SourceTitle "playchess.com"]
[Source "ChessBase"]
[SourceQuality "1"]
[TimeControl "40/5400+30:1800+30"]

1. e4 c5 2. Nf3 d6 3. d4 cxd4 4. Nxd4 Nf6 5. Nc3 g6 6. Be3 Bg7 7. f3 a6 8. Qd2 h5 9. Bc4 b5 10. Bb3 Nbd7 11. a4 bxa4 12. Nxa4 Qc7 13. O-O Bb7 14. Kh1 h4 15. Rad1 h3 16. g3 Ne5 17. Nb6 Rb8 18. Nd5 Nxd5 19. exd5 Nc4 20. Bxc4 Qxc4 21. Ne2 Rc8 22. c3 a5 23. Bd4 Be5 24. Be3 a4 25. Qd3 Bxd5 26. Qxd5 Qxe2 27. f4 Bf6 28. f5 Qxe3 29. fxg6 O-O 30. gxf7+ Rxf7 31. Rd4 Qe2 32. Rdf4 Rc5 33. Qe4 Qxe4+ 0-1

[Event "11th Arad Open 2018"]
[Site "Arad"]
[Date "2018.08.10"]
[Round "7"]
[White "Mozes, Ervin"]
[Black "Tiba, Vladyslav"]
[Result "0-1"]
[ECO "B20"]
[WhiteElo "2143"]
[BlackElo "2356"]
[Annotator "NA"]
[PlyCount "82"]
[EventDate "2018.08.05"]
[EventType "swiss"]
[EventCountry "ROU"]
[SourceTitle "playchess.com"]
[Source "ChessBase"]
[SourceQuality "1"]
[TimeControl "40/5400+30:1800+30"]

1. e4 c5 2. g3 Nc6 3. Bg2 g6 4. Ne2 Bg7 5. c3 e5 6. d3 Nge7 7. Be3 d6 8. O-O b6 9. Qa4 O-O 10. d4 exd4 11. cxd4 b5 12. Qd1 b4 13. a3 Ba6 14. axb4 Bxe2 15. Qxe2 cxd4 16. Bd2 Qb6 17. Ra6 Qb7 18. b5 Ne5 19. Na3 Rfc8 20. Rxd6 Rd8 21. Ra6 Rac8 22. Ba5 Rd7 23. b3 h5 24. h3 d3 25. Qd1 d2 26. f4 Rc1 27. fxe5 Rxd1 28. Rxd1 Qc8 29. Nc4 Bxe5 30. Rxd2 Qc5+ 31. Kh1 Rxd2 32. Bxd2 Bxg3 33. b6 axb6 34. Rxb6 Qf2 35. Ra6 g5 36. Ra1 g4 37. Rf1 Qe2 38. hxg4 hxg4 39. Bg5 Ng6 40. Ra1 Bf2 41. Bf1 Qxe4+ 0-1

[Event "11th Arad Open 2018"]
[Site "Arad"]
[Date "2018.08.10"]
[Round "7"]
[White "Ciorica, Mihai-Vlad"]
[Black "Yordanov, Lachezar"]
[Result "0-1"]
[ECO "E20"]
[WhiteElo "2110"]
[BlackElo "2314"]
[Annotator "NA"]
[PlyCount "64"]
[EventDate "2018.08.05"]
[EventType "swiss"]
[EventCountry "ROU"]
[SourceTitle "playchess.com"]
[Source "ChessBase"]
[SourceQuality "1"]
[TimeControl "40/5400+30:1800+30"]

1. d4 Nf6 2. c4 e6 3. Nc3 Bb4 4. f3 d5 5. a3 Bxc3+ 6. bxc3 c5 7. e3 Nc6 8. cxd5 Nxd5 9. Ne2 O-O 10. e4 Nb6 11. dxc5 Nd7 12. Be3 Qa5 13. Nd4 Nxc5 14. Nxc6 bxc6 15. Qc2 Rb8 16. Bc4 Na4 17. Bb3 Nb6 18. O-O Ba6 19. c4 Rb7 20. Rfd1 Nd7 21. c5 Rfb8 22. Ba2 h6 23. h3 Rb2 24. Qc1 Re2 25. Rxd7 Rbb2 26. Bc4 Rxg2+ 27. Kh1 Rh2+ 28. Kg1 Rbg2+ 29. Kf1 Rc2 30. Bd3 Rh1+ 31. Bg1 Rxg1+ 32. Kxg1 Qxc5+ 0-1

[Event "11th Arad Open 2018"]
[Site "Arad"]
[Date "2018.08.10"]
[Round "7"]
[White "Talu, Mircea"]
[Black "Tomici, Stefan"]
[Result "1/2-1/2"]
[ECO "A41"]
[WhiteElo "2092"]
[BlackElo "2306"]
[Annotator "NA"]
[PlyCount "135"]
[EventDate "2018.08.05"]
[EventType "swiss"]
[EventCountry "ROU"]
[SourceTitle "playchess.com"]
[Source "ChessBase"]
[SourceQuality "1"]
[TimeControl "40/5400+30:1800+30"]

1. d4 d6 2. Nf3 Bg4 3. c4 Nf6 4. Nc3 e6 5. Bg5 Bxf3 6. gxf3 Be7 7. Rg1 Nbd7 8. Bh3 Nh5 9. f4 Bxg5 10. fxg5 Nf4 11. Bf1 Ng6 12. e3 h6 13. Bd3 Ndf8 14. Qf3 hxg5 15. Qxb7 Rb8 16. Qxa7 Rxh2 17. b3 f6 18. Nb5 Rc8 19. c5 Ne7 20. Qb7 Kf7 21. Rc1 dxc5 22. Rxc5 c6 23. Nc3 Rc7 24. Qb4 Nd7 25. Ra5 c5 26. Qa4 Nb6 27. Qb5 cxd4 28. Qxb6 dxc3 29. Ke2 Nc8 30. Qb4 c2 31. Rc5 Ne7 32. Qc3 Rxc5 33. Qxc5 Qd5 34. Qxc2 g4 35. Be4 Qb5+ 36. Qc4 Qh5 37. Rg3 Qe5 38. Rg2 Qb2+ 39. Kd3 Rxg2 40. Bxg2 Qxa2 41. Qxg4 Qxb3+ 42. Ke2 Qb5+ 43. Ke1 Ng6 44. Qe4 f5 45. Qb7+ Qxb7 46. Bxb7 e5 47. f3 Kf6 48. Kf2 f4 49. exf4 exf4 50. Be4 Ne5 51. Bb7 Nc4 52. Bd5 Ne3 53. Bb7 Ke5 54. Ke2 Kd4 55. Kd2 Nc4+ 56. Ke2 Kc3 57. Bd5 Nd6 58. Bc6 Nf5 59. Bb7 Nd4+ 60. Kf2 Kd2 61. Ba8 Ne2 62. Kg2 Ke3 63. Kh3 Nc1 64. Kg4 Nd3 65. Kf5 Ne1 66. Kg6 Nxf3 67. Kxg7 Nd2 68. Bh1 {[%emt 0:00:07] Ke4} 1/2-1/2

[Event "11th Arad Open 2018"]
[Site "Arad"]
[Date "2018.08.10"]
[Round "7"]
[White "Samu, Sorin-Mihai"]
[Black "Ileana, George"]
[Result "0-1"]
[ECO "A20"]
[WhiteElo "2090"]
[BlackElo "2324"]
[Annotator "NA"]
[PlyCount "128"]
[EventDate "2018.08.05"]
[EventType "swiss"]
[EventCountry "ROU"]
[SourceTitle "playchess.com"]
[Source "ChessBase"]
[SourceQuality "1"]
[TimeControl "40/5400+30:1800+30"]

1. c4 e5 2. b3 Nc6 3. Bb2 Bc5 4. e3 d6 5. a3 a6 6. d4 Ba7 7. Nf3 exd4 8. exd4 d5 9. Nc3 Nf6 10. c5 O-O 11. Be2 Bg4 12. O-O b6 13. b4 bxc5 14. dxc5 a5 15. b5 Ne7 16. Na4 Ne4 17. Rc1 c6 18. b6 Bb8 19. Nd4 Bxe2 20. Qxe2 Qd7 21. f3 Nf6 22. Rfe1 Ng6 23. g3 h5 24. Qd3 h4 25. Qf5 hxg3 26. Qxd7 gxh2+ 27. Kh1 Nxd7 28. Nxc6 Bf4 29. Rcd1 Rac8 30. Na7 Nxc5 31. Nxc8 Nxa4 32. Bc1 Rxc8 33. Bxf4 Nxb6 34. Bxh2 f6 35. Rd3 Kf7 36. Rb1 Rc6 37. Bg1 Ne5 38. Rdb3 Nbc4 39. f4 Nd7 40. f5 Nd2 41. Rb7 Nxb1 42. Rxd7+ Kg8 43. Rxd5 Nxa3 44. Rxa5 Nc4 45. Rc5 Ne5 46. Rxc6 Nxc6 47. Bc5 Kf7 48. Kg2 Ne7 49. Kf3 Nxf5 50. Kf4 Ke6 51. Ba7 Ne7 52. Ke4 g5 53. Bb8 Ng6 54. Bc7 f5+ 55. Ke3 Kd5 56. Bh2 f4+ 57. Kf2 Ke4 58. Bg1 Nh4 59. Ke2 g4 60. Bb6 g3 61. Bc7 f3+ 62. Kf1 Nf5 63. Ke1 f2+ 64. Ke2 Ne3 0-1

[Event "11th Arad Open 2018"]
[Site "Arad"]
[Date "2018.08.10"]
[Round "7"]
[White "Visanescu, Daria-Ioana"]
[Black "Gheorghiu, Calin"]
[Result "1-0"]
[ECO "B22"]
[WhiteElo "2075"]
[BlackElo "2292"]
[Annotator "NA"]
[PlyCount "63"]
[EventDate "2018.08.05"]
[EventType "swiss"]
[EventCountry "ROU"]
[SourceTitle "playchess.com"]
[Source "ChessBase"]
[SourceQuality "1"]
[TimeControl "40/5400+30:1800+30"]

1. e4 c5 2. c3 Nf6 3. e5 Nd5 4. d4 cxd4 5. Nf3 e6 6. cxd4 Nc6 7. Bc4 d6 8. O-O Be7 9. Qe2 O-O 10. Nc3 dxe5 11. dxe5 Nxc3 12. bxc3 Qc7 13. Bd2 Rd8 14. Qe4 Nxe5 15. Nxe5 Rxd2 16. Qf4 Rd8 17. Qxf7+ Kh8 18. Qh5 Kg8 19. Bd3 g6 20. Bxg6 Bf6 21. Ng4 Bxc3 22. Bxh7+ Kf8 23. Rac1 Rd5 24. Qh6+ Qg7 25. Qf4+ Ke8 26. Rxc3 Qxc3 27. Nf6+ Kd8 28. Nxd5 exd5 29. Rc1 Qg7 30. Bf5 Bxf5 31. Qxf5 Qd7 32. Qg5+ 1-0

[Event "11th Arad Open 2018"]
[Site "Arad"]
[Date "2018.08.10"]
[Round "7"]
[White "Paraschiv, Paul-Alexandru"]
[Black "Cerbulenco, Liviu"]
[Result "1/2-1/2"]
[ECO "A45"]
[WhiteElo "2074"]
[BlackElo "2287"]
[Annotator "NA"]
[PlyCount "262"]
[EventDate "2018.08.05"]
[EventType "swiss"]
[EventCountry "ROU"]
[SourceTitle "playchess.com"]
[Source "ChessBase"]
[SourceQuality "1"]
[TimeControl "40/5400+30:1800+30"]

1. d4 Nf6 2. Bg5 Ne4 3. Bf4 d5 4. e3 c5 5. Bd3 Nf6 6. c3 Nc6 7. Nd2 Bg4 8. Ngf3 e6 9. Qa4 Nd7 10. Ne5 Ndxe5 11. Bxe5 c4 12. Be2 Bxe2 13. Kxe2 a6 14. Bg3 b5 15. Qc2 b4 16. e4 Be7 17. exd5 exd5 18. Rhe1 O-O 19. Kf1 Qd7 20. Nf3 Rfe8 21. Qa4 f6 22. Re2 Bf8 23. Rae1 Rxe2 24. Rxe2 Kf7 25. cxb4 Bxb4 26. b3 cxb3 27. axb3 Qb7 28. Rc2 Rc8 29. Bf4 Ne7 30. Rxc8 Nxc8 31. Ne1 Bxe1 32. Kxe1 g5 33. Bg3 h5 34. h4 gxh4 35. Bxh4 Ne7 36. f3 Qc6 37. Kd2 Qxa4 38. bxa4 Nf5 39. Bf2 Ke6 40. Kc3 Kd7 41. Kb4 Kc6 42. Ka5 Kb7 43. Kb4 Kb6 44. Kb3 Kc6 45. Kb4 Nd6 46. Bh4 f5 47. Ka5 Kb7 48. Kb4 Kb6 49. Bd8+ Kc6 50. Bg5 Nc4 51. Bc1 a5+ 52. Kc3 Kd7 53. Bf4 Ke6 54. Bc7 Ne3 55. g3 Nc4 56. Bf4 Kd7 57. Bc1 Kc6 58. Bg5 Kd7 59. f4 Nd6 60. Bh4 Ne4+ 61. Kd3 Kc7 62. Kc2 Kd7 63. Kd3 Ke8 64. Kc2 Nd6 65. Kc3 Kf7 66. Kb3 Ke8 67. Kc3 Nc4 68. Kb3 Kd7 69. Kc3 Nb6 70. Kb3 Nc8 71. Kc3 Na7 72. Bg5 Nc6 73. Bf6 Ke8 74. Bg5 Kf7 75. Bh4 Kg6 76. Kd3 Nb4+ 77. Kc3 Nc6 78. Kd3 Kg7 79. Kc3 Kf7 80. Kd3 Ke8 81. Kc3 Nb4 82. Bg5 Na2+ 83. Kb2 Nb4 84. Kc3 Nc6 85. Bh4 Na7 86. Kb3 Nc8 87. Kc3 Kd7 88. Kb3 Nb6 89. Bg5 Ke8 90. Bh4 Kd7 91. Bg5 Nc4 92. Kc3 Ke8 93. Bh4 Nd6 94. Kd3 Kd7 95. Kc3 Nc8 96. Kb3 Nb6 97. Bg5 Kc7 98. Bh4 Nd7 99. Kc3 Nf8 100. Kd3 Ng6 101. Kc3 Nf8 102. Be7 Ng6 103. Bh4 Kd7 104. Kd3 Nh8 105. Kc3 Nf7 106. Kd2 Nd6 107. Kd3 Ke8 108. Kc3 Kd7 109. Kd2 Kc8 110. Kd3 Kc7 111. Kd2 Nc8 112. Kc3 Kd7 113. Kc2 Ke8 114. Kc3 Kd7 115. Kc2 Na7 116. Kc3 Nc6 117. Bg5 Kc7 118. Bf6 Kb6 119. Bg5 Nb4 120. Bd8+ Ka6 121. Be7 Nc6 122. Bf6 Nb8 123. Bd8 Nd7 124. Kb3 Nf8 125. Kc3 Ne6 126. Bh4 Nc7 127. Kd3 Ne8 128. Be7 Kb7 129. Bd8 Ka6 130. Be7 Nc7 131. Bh4 Ne6 {[%emt 0:00:50] Ke4} 1/2-1/2

[Event "11th Arad Open 2018"]
[Site "Arad"]
[Date "2018.08.10"]
[Round "7"]
[White "Bai, Adelard"]
[Black "Vujacic, Borivoje"]
[Result "1/2-1/2"]
[ECO "A50"]
[WhiteElo "2071"]
[BlackElo "2235"]
[Annotator "NA"]
[PlyCount "120"]
[EventDate "2018.08.05"]
[EventType "swiss"]
[EventCountry "ROU"]
[SourceTitle "playchess.com"]
[Source "ChessBase"]
[SourceQuality "1"]
[TimeControl "40/5400+30:1800+30"]

1. d4 Nf6 2. c4 c6 3. Nc3 d5 4. cxd5 cxd5 5. Bf4 a6 6. e3 Nc6 7. Bd3 e6 8. Nf3 Be7 9. h3 O-O 10. O-O b5 11. a4 b4 12. Nb1 Bb7 13. Nbd2 Rc8 14. Nb3 Na5 15. Nxa5 Qxa5 16. Nd2 Ne4 17. Nb3 Qd8 18. f3 Nf6 19. Qe2 a5 20. Ba6 Bxa6 21. Qxa6 Ra8 22. Qb5 Ne8 23. Rfc1 Bd6 24. Bxd6 Nxd6 25. Qd3 Qg5 26. Rc2 Nc4 27. Kf2 h5 28. Nc5 Ra7 29. e4 Nd6 30. Kg1 Rd8 31. Re2 g6 32. b3 dxe4 33. fxe4 e5 34. dxe5 Qxe5 35. Rc1 Rc7 36. Qe3 Rdc8 37. Rec2 Nxe4 38. Nd3 Rxc2 39. Nxe5 Rxc1+ 40. Kh2 Nd6 41. Qd2 Nf5 42. Qd5 R8c7 43. Nxg6 Ne3 44. Qd8+ Kg7 45. Nf4 Nf1+ 46. Kh1 Ng3+ 47. Kh2 R7c3 48. Nxh5+ Nxh5 49. Qg5+ Kf8 50. Qd8+ Kg7 51. Qg5+ Kf8 52. Qxh5 R1c2 53. Qh8+ Ke7 54. Qe5+ Kf8 55. h4 Rxb3 56. h5 Rbb2 57. h6 Rxg2+ 58. Kh3 Rh2+ 59. Kg4 Rbg2+ 60. Kf3 Rf2+ {Qd5} 1/2-1/2

[Event "11th Arad Open 2018"]
[Site "Arad"]
[Date "2018.08.10"]
[Round "7"]
[White "Magold, Victor"]
[Black "Pisu, Robert-Daniel"]
[Result "0-1"]
[ECO "A06"]
[WhiteElo "2032"]
[BlackElo "2282"]
[Annotator "NA"]
[PlyCount "100"]
[EventDate "2018.08.05"]
[EventType "swiss"]
[EventCountry "ROU"]
[SourceTitle "playchess.com"]
[Source "ChessBase"]
[SourceQuality "1"]
[TimeControl "40/5400+30:1800+30"]

1. Nf3 d5 2. d4 c6 3. Bf4 Nf6 4. h3 e6 5. e3 Bd6 6. Bxd6 Qxd6 7. Bd3 Nbd7 8. Nbd2 e5 9. dxe5 Nxe5 10. Nxe5 Qxe5 11. c3 O-O 12. O-O Re8 13. Nf3 Qe7 14. Qc2 Ne4 15. Rac1 Bf5 16. Rfd1 Rad8 17. Nd4 Bg6 18. Qe2 Rd6 19. c4 dxc4 20. Bxc4 Red8 21. Nf3 Bh5 22. Rxd6 Rxd6 23. Rd1 Ng5 24. Rxd6 Qxd6 25. Qd3 Nxf3+ 26. gxf3 Qxd3 27. Bxd3 Bxf3 28. Kh2 Bd5 29. a3 g6 30. Kg3 Kg7 31. Kf4 Kf6 32. h4 h6 33. e4 g5+ 34. hxg5+ hxg5+ 35. Kg3 Bb3 36. f4 c5 37. fxg5+ Kxg5 38. Kf3 Kf6 39. Kf4 Ke6 40. Be2 Kd6 41. Bh5 b5 42. e5+ Kc6 43. Kf5 Be6+ 44. Kf6 Kd5 45. Bf3+ Kd4 46. Bc6 a6 47. Be8 Kd5 48. a4 b4 49. a5 c4 50. Ba4 b3 0-1